 Dungeon Crawl Stone Soup version 0.29.1-15-g9cfb28693d (webtiles) character file.

Game seed: 2741930521571085655

726 Peloso the Slasher (level 7, -3/62 HPs)
             Began as a Minotaur Fighter on Apr 20, 2023.
             Was an Initiate of Okawaru.
             Slain by Edmund
             ... wielding a +2 flail of protection
              (6 damage)
             ... on level 5 of the Dungeon.
             The game lasted 00:06:24 (4628 turns).

Peloso the Slasher (Minotaur Fighter)               Turns: 4628, Time: 00:06:25

Health: -3/62      AC: 12    Str: 20    XL:     7   Next: 44%
Magic:  6/6        EV:  8    Int:  5    God:    Okawaru [......]
Gold:   165        SH:  5    Dex: 12    Spells: 6/6 levels left

rFire   . . .      SeeInvis .   a - +3 falchion (vamp)
rCold   . . .      Faith    .   d - +0 buckler
rNeg    + . .      Spirit   .   B - +0 chain mail
rPois   .          Reflect  .   (helmet restricted)
rElec   .          Harm     .   w - +0 cloak
rCorr   .          Rampage  .   c - +0 pair of gloves
Will    .....                   (no boots)
Stlth   ..........              (no amulet)
HPRegen 0.20/turn               u - ring of positive energy
MPRegen 0.10/turn               (no ring)

@: no status effects
A: horns 2, retaliatory headbutt
a: Renounce Religion


You were on level 5 of the Dungeon.
You worshipped Okawaru.
Okawaru was noncommittal.
You visited 2 branches of the dungeon, and saw 6 of its levels.

You collected 165 gold pieces.

Inventory:

Hand Weapons
 a - a +3 vampiric falchion (weapon)
 b - the +6 mace of Incongruity {protect, +Blink Will+ Int+6}
   (You found it on level 2 of the Dungeon)

   It grants its wielder temporary protection when it strikes (+7 to AC).
   Int:       It affects your intelligence (+6).
   +Blink:    It lets you blink.
   Will:      It increases your willpower.
Armour
 c - a +0 pair of gloves (worn)
 d - a +0 buckler (worn)
 p - a +0 scale mail
 w - a +0 cloak (worn)
 B - a +0 chain mail (worn)
Jewellery
 u - a ring of positive energy (left hand)
Scrolls
 f - 2 scrolls of fear {unknown}
 g - a scroll of brand weapon {unknown}
 i - a scroll of torment {unknown}
 j - a scroll of poison {unknown}
 k - 4 scrolls of teleportation {unknown}
 m - a scroll of magic mapping {unknown}
 n - 4 scrolls of identify {unknown}
 r - a scroll of blinking {unknown}
 v - a scroll of silence {unknown}
 y - a scroll of amnesia {unknown}
 D - a scroll of enchant armour {unknown}
Potions
 e - 3 potions of invisibility {unknown}
 h - 2 potions of might
 l - a potion of haste
 o - 2 potions of mutation {unknown}
 q - 2 potions of degeneration {unknown}
 s - a potion of berserk rage
 t - a potion of ambrosia {unknown}
 x - a potion of brilliance {unknown}
 z - 2 potions of curing {unknown}
 A - a potion of attraction {unknown}
 C - a potion of cancellation {unknown}


   Skills:
 + Level 5.7 Fighting
 + Level 6.4 Long Blades
 + Level 6.0 Armour
 + Level 2.0 Dodging
 + Level 0.7 Stealth
 + Level 4.8 Shields


You had 6 spell levels left.
You didn't know any spells.
Your spell library contained the following spells:

 Spells                   Type           Power      Damage    Failure   Level
 Necrotise                Necr           0%         1d4       99%         1
 Vampiric Draining        Necr           0%         2d6       100%        3
 Agony                    Necr           0%         N/A       100%        5
 Blade Hands              Tmut           0%         N/A       100%        5
 Irradiate                Conj/Tmut      0%         3d11      100%        5
 Dragon Form              Tmut           0%         N/A       100%        7


Dungeon Overview and Level Annotations

Branches:
Dungeon (5/15)             Temple (1/1) D:5

Altars:
Hepliaklqana
Makhleb
Nemelex Xobeh
Okawaru
Ru
Uskayaw
Wu Jian
Yredelemnul
Zin

Shops:
D:3 :   D:4 (

Annotations:
D:2 1 runed translucent door, Crazy Yiuf
D:5 Edmund


Innate Abilities, Weirdness & Mutations

You have a pair of horns on your head.
You reflexively headbutt those who attack you in melee.


Message History

Edmund closely misses you.
You completely miss Edmund.
Edmund is lightly wounded.
Edmund barely misses you. You furiously retaliate!
You headbutt Edmund.
Edmund hits you with a +2 flail of protection.
You hit Edmund but do no damage. You headbutt Edmund.
Edmund is lightly wounded.
You block Edmund's attack.
You hit Edmund. You headbutt Edmund, but do no damage.
Edmund is lightly wounded.
Edmund hits you with a +2 flail of protection!
You block Edmund's attack.
You barely miss Edmund. You headbutt Edmund, but do no damage.
Edmund is lightly wounded.
Edmund barely misses you.
You hit Edmund. Your headbutt misses Edmund.
Edmund is lightly wounded.
You block Edmund's attack.
Edmund hits you with a +2 flail of protection.
You slash Edmund!
Edmund is moderately wounded.
Edmund hits you with a +2 flail of protection! x2
* * * LOW HITPOINT WARNING * * *
You hit Edmund but do no damage. You headbutt Edmund, but do no damage.
Edmund is moderately wounded.
Edmund barely misses you. You furiously retaliate!
You headbutt Edmund, but do no damage. You barely miss Edmund.
Edmund is moderately wounded.
You block Edmund's attack.
Edmund hits you with a +2 flail of protection.
* * * LOW HITPOINT WARNING * * *
You hit Edmund but do no damage. Your headbutt misses Edmund.
Edmund is moderately wounded.
Edmund hits you but does no damage.
You hit Edmund but do no damage.
Edmund is moderately wounded.
Edmund completely misses you.
Edmund hits you with a +2 flail of protection.
You die...

~~§#...... §~.#..... ...
## ~........ #...... .#.
......#. #...... ....
.....###. #.. #.# ....
....###.?###.###.##..#
.#.## #...... ......##.
##.# #....###@.......
##.# ##....#@./.....
#..## ##..............
##..#####.....##....?...
#......##.......###....#
...##.....#..##......###
....####.###.###.....#
.......#...#..# .... #
.<.............# ...
........#........ ..


You could see Edmund (berserk).

Vanquished Creatures
  A black bear (D:5)
  An ice beast (D:4)
  An ogre (D:5)
  A necrophage (D:4)
  A scorpion (D:3)
  A howler monkey (D:4)
  A jelly (D:4)
  2 hounds (D:4)
  An iguana (D:4)
  Natasha (twice) (D:2)
  6 adders
  A shadow imp (D:4)
  A white imp (D:5)
  A dart slug (D:3)
  3 orcs
  6 bats
  5 endoplasms
  2 giant cockroaches
  4 goblins
  8 hobgoblins
  4 jackals
  4 ball pythons
  7 frilled lizards
  6 kobolds
  3 rats
73 creatures vanquished.

Notes
Turn   | Place    | Note
-------+----------+-------------------------------------------
     0 | D:1      | Peloso the Minotaur Fighter began the quest for the Orb.
     0 | D:1      | Reached XP level 1. HP: 19/19 MP: 0/0
   194 | D:1      | Found a faded altar of an unknown god.
   272 | D:1      | Reached XP level 2. HP: 22/27 MP: 1/1
   976 | D:2      | Found a runed translucent door.
   977 | D:2      | Noticed Crazy Yiuf
  1230 | D:2      | Reached XP level 3. HP: 33/33 MP: 2/2
  1592 | D:2      | Identified the +6 mace of Incongruity {protect, +Blink
                  | Will+ Int+6}
  1846 | D:2      | Noticed Natasha
  1851 | D:2      | Killed Natasha
  1852 | D:2      | Reached XP level 4. HP: 32/41 MP: 3/3
  1942 | D:2      | Noticed Natasha
  1950 | D:2      | Killed Natasha
  2464 | D:3      | Found Fuwaqyroal's Book Shoppe.
  2765 | D:3      | Noticed a scorpion
  2774 | D:3      | Killed a scorpion
  2775 | D:3      | Reached skill level 5 in Fighting
  2775 | D:3      | Reached XP level 5. HP: 39/48 MP: 4/4
  3370 | D:4      | Noticed an ice beast
  3381 | D:4      | Killed an ice beast
  3382 | D:4      | Reached skill level 5 in Armour
  3382 | D:4      | Reached skill level 1 in Dodging
  3382 | D:4      | Reached XP level 6. HP: 46/56 MP: 5/5
  3552 | D:4      | Reached skill level 5 in Long Blades
  3756 | D:4      | Found an ornate altar of the Wu Jian Council.
  3813 | D:4      | Found Hahogemm's Antique Weapon Emporium.
  3878 | D:4      | Reached XP level 7. HP: 52/61 MP: 6/6
  4096 | D:5      | Entered Level 5 of the Dungeon
  4136 | D:5      | Found a staircase to the Ecumenical Temple.
  4145 | Temple   | Entered the Ecumenical Temple
  4220 | Temple   | Became a worshipper of Warmaster Okawaru
  4612 | D:5      | Noticed Edmund
  4626 | D:5      | HP: 3/62 [Edmund/+2 flail of protection (5)]
  4628 | D:5      | Slain by Edmund

Illustrated notes

Levels and vault maps discovered:
D:1:      minmay_arrival_doors, layout_basic,
          shapermc_ecumenical_altar_notcrosses
D:2:      layout_basic, kennysheep_cross_room, roderic_serpentine_path,
          chequers_serial_rivers_small_a, minivault_5, minmay_lizard_pond,
          uniq_crazy_yiuf_cottage, uniq_natasha
D:3:      layout_basic, serial_shops, nicolae_square_shop
D:4:      layout_rooms, lemuel_round_altar, serial_shops,
          nicolae_shop_behind_doors
D:5:      layout_cave_pools, mainiacjoe_overflow_surrounded_room,
          minmay_temple_entry_mist, lexackson_kobold_supper, uniq_edmund
Temple:   hellmonk_temple_beads

Skill      XL: |  1  2  3  4  5  6  7 |
---------------+----------------------+-----
Armour         | 4 5 6 |  6.0
Shields        | 4 |  4.8
Long Blades    | 3 4 5 6 |  6.4
Fighting       | 4 5 |  5.7
Dodging        | 1 2 |  2.0
Stealth        | |  0.7

Action                   |  1- 3 |  4- 6 |  7- 9 || total
-------------------------+-------+-------+-------++-------
Melee: Long sword        |    69 |       |       ||    69
       Headbutt          |     3 |    20 |    10 ||    33
       Falchion          |     5 |    99 |    49 ||   153
  Use: Scroll            |     1 |       |       ||     1
Armor: Scale mail        |    66 |    20 |       ||    86
       Chain mail        |       |    38 |    24 ||    62
Dodge: Dodged            |    54 |    54 |    21 ||   129
Block: Buckler           |    21 |    20 |    12 ||    53
